 Dungeon Crawl Stone Soup version 0.21-a0-52-gbf49515 (webtiles) character file.

121 KristoblXynda the Chucker (level 5, 0/30 HPs)
             Began as a Tengu Hunter on June 13, 2017.
             Slain by a worm (11 damage)
             ... on level 2 of the Dungeon.
             The game lasted 00:04:54 (2394 turns).

KristoblXynda the Chucker (Tengu Hunter)            Turns: 2394, Time: 00:04:55

Health: 0/30       AC:  3    Str: 12    XL:     5   Next: 5%
Magic:  6/6        EV: 13    Int: 12    God:
Gold:   72         SH:  0    Dex: 15    Spells: 4/4 levels left

rFire    . . .     SeeInvis .   e - +2 dagger (freeze)
rCold    . . .     Gourm    .   (no shield)
rNeg     . . .     Faith    .   b - +0 leather armour
rPois    .         Spirit   .   (helmet restricted)
rElec    .         Reflect  .   (no cloak)
rCorr    .         Harm     .   (no gloves)
MR       .....                  (boots unavailable)
Stlth    ++........             (no amulet)
Regen    0.1/turn               (no ring)
MPRegen  0.1/turn               (no ring)

@: no status effects
A: beak, talons 3, able to fly 1
a: Fly


You were on level 2 of the Dungeon.
You were not hungry.

You visited 1 branch of the dungeon, and saw 2 of its levels.

You collected 72 gold pieces.

Inventory:

Hand Weapons
 e - a +2 dagger of freezing (weapon)
Missiles
 c - 6 javelins (quivered)
 d - a throwing net
Armour
 b - a +0 leather armour (worn)
Scrolls
 a - a scroll of identify
 h - a scroll of noise {unknown}
 i - a scroll of fog {unknown}
 l - a scroll of remove curse
 m - a scroll of amnesia {unknown}
 n - 2 scrolls of teleportation {unknown}
Potions
 g - 2 potions of curing
 k - a potion of mutation {unknown}
 p - a potion of cancellation
Comestibles
 f - a bread ration


   Skills:
 - Level 2.0 Fighting
 + Level 2.7 Short Blades
 + Level 4.7 Throwing
 + Level 3.6 Dodging
 - Level 1.0 Stealth


You had 4 spell levels left.
You didn't know any spells.

Dungeon Overview and Level Annotations

Branches:
Dungeon (2/15)

Altars:


Innate Abilities, Weirdness & Mutations

You have a beak for a mouth.
You have claws for feet.
You can fly.


Message History

The worm is lightly wounded.
You barely miss the worm. You peck the worm.
The worm is moderately wounded.
The worm bites you!
You hit the worm. You freeze the worm. You peck the worm.
The worm is heavily wounded.
You barely miss the worm.
The worm is heavily wounded.
The worm bites you!
You hit the worm. You freeze the worm. You claw the worm, but do no damage.
The worm is heavily wounded.
You hit the worm. You freeze the worm. You claw the worm.
The worm is severely wounded.
The worm bites you.
You hit the worm. You freeze the worm. You claw the worm, but do no damage.
The worm is almost dead.
You barely miss the worm. Your kick misses the worm.
The worm is almost dead.
The worm bites you!
You die...

#.# #..........
#.##########.#########
#.##.........# #####
#######.##.#.####### #....
#.....#.##.#.### #.###
#.###)#....#...# #.#
#............#.#########.###
#.#####.####w#.#..............
#......>.....@†....######.####
######...#...#.###.# #.# #
#...............#.# #.# #
#.#.......#.#.#.#÷# #.# #
#.#.#.........#..<######.####
#.#.#####.#.#######..........
#.#.........# #.###.#####
#.#######.### #.# #...... #.
...# #.# #######


You could see a worm.

Vanquished Creatures
  4 gnolls (D:2)
  2 adders (D:2)
  An ooze (D:1)
  2 worms
  A ball python (D:1)
  6 giant cockroaches
  6 goblins
  6 hobgoblins
  3 jackals (D:2)
  A quokka (D:2)
  2 bats (D:1)
  5 frilled lizards
  7 kobolds
  8 rats
54 creatures vanquished.

Notes
Turn   | Place    | Note
-------+----------+-------------------------------------------
     0 | D:1      | KristoblXynda the Tengu Hunter began the quest for the Orb.
     0 | D:1      | Reached XP level 1. HP: 12/12 MP: 2/2
   172 | D:1      | Reached XP level 2. HP: 17/17 MP: 3/3
   203 | D:1      | Reached skill level 1 in Short Blades
   745 | D:1      | Reached XP level 3. HP: 21/21 MP: 4/4
  1693 | D:2      | Reached XP level 4. HP: 26/26 MP: 5/5
  1948 | D:2      | Gained mutation: You can fly. [Tengu growth]
  1948 | D:2      | Reached XP level 5. HP: 10/30 MP: 6/6
  2394 | D:2      | Slain by a worm

Vault maps used:
D:1:      dpeg_arrival_brainrot

Skill      XL: |  1  2  3  4 |
---------------+-------------+-----
Short Blades   | 1 2 |  2.7
Dodging        | 3 |  3.6
Fighting       | |  2.0
Throwing       | |  4.7
Stealth        | |  1.0

Action                   |  1- 3 |  4- 6 || total
-------------------------+-------+-------++-------
Melee: Short sword       |    93 |    14 ||   107
       Peck              |    13 |     8 ||    21
       Kick              |    20 |    10 ||    30
       Dagger            |       |    35 ||    35
Throw: Javelin           |    11 |     3 ||    14
       Throwing net      |     1 |       ||     1
  Use: Scroll            |       |     5 ||     5
       Potion            |       |     2 ||     2
 Stab: Sleeping          |     3 |       ||     3
       Held in net/web   |     2 |       ||     2
       Distracted        |     1 |       ||     1
  Eat: Chunk             |     1 |     4 ||     5
Armor: Leather armour    |    19 |     4 ||    23
Dodge: Dodged            |    62 |    21 ||    83
